 Dungeon Crawl Stone Soup version 0.28-a0-861-ge64d6db94f (webtiles) character file.

Game seed: 11756025726008700515

905 avis the Cleaver (level 8, -2/68 HPs)
             Began as a Hill Orc Monk on Nov 15, 2021.
             Was a Believer of Beogh.
             Slain by a troll (9 damage)
             ... on level 5 of the Dungeon.
             The game lasted 00:28:43 (7449 turns).

avis the Cleaver (Hill Orc Monk)                    Turns: 7449, Time: 00:28:44

Health: -2/68      AC: 10    Str: 16    XL:     8   Next: 8%
Magic:  11/11      EV:  2    Int: 10    God:    Beogh [**....]
Gold:   338        SH: 13    Dex: 19    Spells: 7/7 levels left

rFire   + . .      SeeInvis .   a - +1 hand axe (vamp)
rCold   . . .      Faith    .   r - +1 tower shield {rF+}
rNeg    . . .      Spirit   .   g - +0 chain mail
rPois   +          Reflect  .   (no helmet)
rElec   .          Harm     .   (no cloak)
rCorr   .          Rampage  .   j - +0 pair of gloves
Will    .....                   e - +0 pair of boots
Stlth   ..........              (no amulet)
HPRegen 0.21/turn               y - ring of poison resistance
MPRegen 0.12/turn               F - +6 ring of dexterity

@: no status effects
A: no striking features
a: Renounce Religion, Smiting


You were on level 5 of the Dungeon.
You worshipped Beogh.
Beogh was pleased with you.
You visited 2 branches of the dungeon, and saw 7 of its levels.

You collected 338 gold pieces.

Inventory:

Hand Weapons
 a - a +1 vampiric hand axe (weapon)
 b - a +0 war axe
 w - a +1 flail of holy wrath
 H - the +11 short sword "Arcanum" {vorpal, rElec}
   (You found it on level 5 of the Dungeon)

   It inflicts extra damage upon your enemies.
   rElec:     It insulates you from electricity.
Missiles
 l - 94 stones
 s - 4 datura-tipped darts (quivered)
 v - 20 poisoned darts
 G - 3 boomerangs
Armour
 c - a +3 leather armour of poison resistance
 e - a +0 pair of boots (worn)
 g - a +0 chain mail (worn)
 j - a +0 pair of gloves (worn)
 r - a +1 tower shield of fire resistance (worn)
 A - a +0 chain mail
Magical Staves
 B - a staff of air
Jewellery
 y - a ring of poison resistance (left hand)
 F - a +6 ring of dexterity (right hand)
Scrolls
 i - 2 scrolls of magic mapping {unknown}
 k - a scroll of enchant weapon {unknown}
 m - a scroll of fog {unknown}
 n - a scroll of vulnerability {unknown}
 o - a scroll of identify {unknown}
 q - 2 scrolls of fear {unknown}
 t - 2 scrolls of teleportation {unknown}
 C - a scroll of holy word {unknown}
 D - 2 scrolls of noise {unknown}
Potions
 d - 2 potions of might {unknown}
 f - a potion of magic {unknown}
 h - a potion of flight {unknown}
 p - 2 potions of berserk rage {unknown}
 u - a potion of attraction {unknown}
 z - a potion of degeneration {unknown}
 E - a potion of curing {unknown}


   Skills:
 - Level 5.0 Fighting
 * Level 10.5 Axes
 - Level 2.4 Dodging
 - Level 1.5 Stealth
 - Level 5.0 Invocations


You had 7 spell levels left.
You didn't know any spells.
Your spell library contained the following spells:

 Spells                   Type           Power      Damage    Failure   Level
 Conjure Flame            Conj/Fire      0%         6-21      100%        3
 Ignite Poison            Fire/Tmut/Pois 0%         N/A       100%        3
 Animate Armour           Summ/Erth      0%         N/A       100%        4
 Fireball                 Conj/Fire      0%         3d3       100%        5
 Iskenderun's Battlesphe  Conj           0%         2d6       100%        5
 Conjure Ball Lightning   Conj/Air       0%         3x3d6     100%        6
 Orb of Destruction       Conj           0%         N/A       100%        7


Dungeon Overview and Level Annotations

Branches:
Dungeon (6/15)             Temple (1/1) D:4

Altars:
Elyvilon
Kikubaaqudgha
Zin


Message History

Press: ? - help, Q - select action, (/) - cycle Shift-Dir - straight line, f/p - troll
Aim: a troll (59% to hit, chance to blind on hit: 3%)
You throw an atropa-tipped dart. The atropa-tipped dart hits the troll.
The troll resists.
You block the troll's attack. x2; The troll claws you but does no damage.
The troll bites you but does no damage. The troll claws you!
You block the troll's attack.
Throw: 5 darts (datura)
Press: ? - help, Q - select action, (/) - cycle Shift-Dir - straight line, f/p - troll
Aim: a troll (60% to hit, chance to frenzy on hit: 3%)
You throw a datura-tipped dart.
The datura-tipped dart completely misses the troll.
The troll bites you. The troll claws you but does no damage.
You block the troll's attack.
You hit the troll.
You feel better.
The troll is lightly wounded.
The troll bites you but does no damage. The troll claws you.
The troll claws you but does no damage. The troll bites you!
The troll claws you but does no damage. The troll claws you.
You hit the troll.
You feel better.
The troll is lightly wounded.
The troll bites you! The troll claws you! You block the troll's attack.
Your shield prevents you from hitting the troll.
The troll is lightly wounded.
You block the troll's attack. The troll claws you but does no damage.
The troll claws you!
You hit the troll.
The troll is lightly wounded.
The troll bites you!
* * * LOW HITPOINT WARNING * * *
The troll claws you.
* * * LOW HITPOINT WARNING * * *
The troll claws you.
* * * LOW HITPOINT WARNING * * *
Okay, then.
There is a stone staircase leading down, spattered with blood here.
The troll bites you.
* * * LOW HITPOINT WARNING * * *
You block the troll's attack. The troll claws you!
You die...

####.#### #...............
#..(....# #########...#.##
#.......# #.#.#.#
##..(....#### #.#.#.#
#...<.....(.# #.#.#.#
#...T....##)# #.#.#.#
#........##># ####.#.#.#
#........##T## #........##
#.###.####@..## #.####.....
#[# #.........###.# #..###
#.# ######....##..# #..#
#.# ##.#.##..# #..# #.#
#..#.#..####..#
#.#########.###.........#
#..........## ##........##
###########.###..#####...##
#..#....###.....#


You could see a troll.

Vanquished Creatures
  A black bear (D:5)
  A phantom (D:5)
  2 bullfrogs (D:5)
  2 scorpions
  2 centaur zombies
  3 hounds (D:5)
  A bullfrog zombie (D:5)
  A bullfrog skeleton (D:6)
  An iguana (D:5)
  3 orc wizards
  A hound skeleton (D:5)
  6 adders
  A gnoll (D:1)
  A shadow imp (D:5)
  2 worms (D:2)
  A dart slug (D:1)
  9 orcs
  5 endoplasms
  4 giant cockroaches
  3 goblins
  9 hobgoblins
  5 jackals
  A quokka (D:1)
  6 ball pythons
  8 bats
  7 frilled lizards
  7 kobolds
  3 rats
96 creatures vanquished.

Vanquished Creatures (others)
  An orc (D:3)
  An endoplasm (D:3)
  2 rats (D:3)
4 creatures vanquished.

Grand Total: 100 creatures vanquished

Notes
Turn   | Place    | Note
-------+----------+-------------------------------------------
     0 | D:1      | avis the Hill Orc Monk began the quest for the Orb.
     0 | D:1      | Reached XP level 1. HP: 19/19 MP: 1/1
   410 | D:1      | Reached XP level 2. HP: 19/27 MP: 2/2
   736 | D:1      | Reached skill level 5 in Axes
   866 | D:1      | Reached XP level 3. HP: 33/33 MP: 3/3
  1486 | D:2      | Found a faded altar of an unknown god.
  1848 | D:2      | Reached XP level 4. HP: 34/41 MP: 4/4
  2126 | D:2      | Got the Disquisition on the Ashen Arsonist
  2218 | D:2      | Reached skill level 6 in Axes
  2664 | D:3      | Became a worshipper of Beogh the Brigand
  2664 | D:3      | Reached * piety under Beogh
  2664 | D:3      | Reached ** piety under Beogh
  2766 | D:2      | Reached XP level 5. HP: 14/47 MP: 5/5
  3275 | D:3      | Reached skill level 5 in Fighting
  3745 | D:4      | Found a staircase to the Ecumenical Temple.
  4470 | D:4      | Reached skill level 7 in Axes
  4741 | D:4      | Reached skill level 1 in Invocations
  4741 | D:4      | Reached XP level 6. HP: 38/56 MP: 5/7
  5142 | D:5      | Entered Level 5 of the Dungeon
  5182 | Temple   | Entered the Ecumenical Temple
  5305 | D:5      | Reached skill level 8 in Axes
  5529 | D:5      | Reached XP level 7. HP: 61/61 MP: 9/9
  5771 | D:5      | Identified the +11 short sword "Arcanum" {vorpal, rElec}
  6282 | D:5      | Reached skill level 9 in Axes
  6822 | D:5      | Reached skill level 10 in Axes
  6822 | D:5      | Reached skill level 5 in Invocations
  6961 | D:6      | Noticed a troll
  6985 | D:5      | Reached XP level 8. HP: 45/68 MP: 11/11
  7449 | D:5      | Slain by a troll

Illustrated notes

Levels and vault maps discovered:
D:1:      lemuel_arrival_cross, layout_basic, dk_noncrumbling_4,
          lemuel_flame_loot_1
D:2:      minmay_wonky_spiral, layout_loops_ring, nicolae_ecumenical_pavilion,
          minmay_misc_feat_x, minmay_misc_feat_ornament, minmay_split_cup_large
D:3:      layout_loops_ring
D:4:      layout_loops_corners, minmay_temple_entry_statues
D:5:      layout_loops_ring, serial_bayou_pond_a
D:6:      cheibrodos_fzero, layout_cave_pools, ebering_ghost_disaster_area,
          uniq_maggie, uniq_crazy_yiuf_cottage
Temple:   compressed_dpeg_circular_temple

Skill      XL: |  1  2  3  4  5  6  7 |
---------------+----------------------+-----
Fighting       | 4 5 |  5.0
Axes           | 5 6 7 8 10 | 10.5
Invocations    | 1 3 5 |  5.0
Dodging        | |  2.4
Stealth        | |  1.5

Action                   |  1- 3 |  4- 6 |  7- 9 || total
-------------------------+-------+-------+-------++-------
Melee: Hand axe          |   148 |   172 |   104 ||   424
       War axe           |       |    46 |    13 ||    59
       Flail             |       |       |     7 ||     7
       Short sword       |       |       |     3 ||     3
Throw: Dart              |       |       |     4 ||     4
Invok: Convert to Beogh  |       |     1 |       ||     1
       Smiting           |       |       |     1 ||     1
Armor: Robe              |     7 |       |       ||     7
       Chain mail        |    98 |   134 |   121 ||   353
Dodge: Dodged            |    49 |    39 |    17 ||   105
Block: Tower shield      |       |    48 |   146 ||   194

Table legend: (Time is in decaauts)
 A = Elapsed time spent in this place.
 B = Non-inter-level travel time spent in this place.
 C = Inter-level travel time spent in this place.
 D = Time resting spent in this place.
 E = Time spent auto-exploring this place.
 F = Levels seen in this place.
 G = Mean time per level.
                   A        B        C        D        E       F      G
               +--------+--------+--------+--------+--------+-----+--------+
         Total |   7564 |   6629 |    935 |   1990 |   2992 |   7 | 1080.6 |
       Dungeon |   7555 |   6620 |    935 |   1990 |   2992 |   6 | 1259.2 |
        Temple |      9 |      9 |      0 |      0 |      0 |   1 |    9.0 |
               +--------+--------+--------+--------+--------+-----+--------+

Top non-repeatable levels by time:
     D:2: 1736 daAuts
     D:4: 1703 daAuts
     D:5: 1651 daAuts
     D:1: 1637 daAuts
     D:3: 780 daAuts
     D:6: 46 daAuts
  Temple: 9 daAuts
